Map: Deathaura LE

Players

SKillous - Winner!

  • Race: Protoss Protoss
  • League: Grandmaster
  • Spawn Location: 5:00

GOStephano (Stephano)

  • Race: Zerg Zerg
  • League: Grandmaster
  • Spawn Location: 11:00

Event: DreamHack SC2 Masters 2020 Summer Europe

VOD

Have the link to the VOD?

Description

Time

  • Played on: June 27, 2020, 12:29 p.m.
  • Length: 10:41

All games in this series

Show
View Real Time Build Order
Export as new Build Order

SKillous Protoss - Winner!

Build Orders: 1 Gate Expand, Oracle Opening, Zealot Archon 

Get SALT Encoding   

  12  0:00  Probe  
  13  0:12  Probe  
  14  0:18  Pylon  
  14  0:25  Probe  
  15  0:33  Probe  
  15  0:37  Gateway  
  15  0:41  Probe  
  16  0:46  Assimilator  
  17  0:52  Probe  
  18  1:04  Probe  
  19  1:16  Probe  
  20  1:24  Nexus  
  20  1:34  Cybernetics Core  
  20  1:36  Probe  
  21  1:43  Assimilator  
  21  1:48  Probe  
  21  1:53  Pylon  
  22  2:00  Probe  
  22  2:01  Adept  
  23  2:12  Warp Gate  
  23  2:13  Probe  
  26  2:23  Adept  
  26  2:25  Stargate, Probe  
  27  2:31  Probe  
  31  2:37  Probe  
  31  2:40  Probe  
  32  2:49  Probe  
  32  2:50  Probe  
  33  2:58  Oracle  
  36  3:01  Probe  
  36  3:02  Stalker, Probe  
  41  3:13  Probe  
  41  3:14  Probe, Pylon  
  43  3:21  Gateway  
  43  3:25  Oracle, Probe  
  43  3:26  Probe  
  45  3:37  Probe  
  45  3:38  Probe  
  46  3:49  Probe  
  46  3:50  Nexus  
  46  3:53  Pylon  
  46  3:54  Probe  
  48  4:01  Probe  
  49  4:06  Probe  
  50  4:10  Assimilator  
  50  4:11  Shield Battery  
  50  4:12  Assimilator  
  50  4:13  Adept, Probe  
  53  4:18  Adept, Probe  
  55  4:26  Probe  
  55  4:28  Forge  
  55  4:30  Twilight Council  
  55  4:31  Probe  
  57  4:38  Sentry x2, Probe  
  62  4:46  Pylon  
  62  4:47  Protoss Ground Weapons Level 1  
  62  4:58  Probe  
  62  5:02  Probe  
  62  5:03  Probe  
  62  5:06  Sentry, Adept, Probe  
  69  5:09  Charge  
  69  5:14  Probe  
  71  5:15  Probe  
  71  5:16  Pylon, Probe  
  71  5:18  Robotics Facility  
  73  5:24  Gateway  
  73  5:25  Gateway  
  73  5:26  Probe  
  73  5:27  Probe  
  73  5:28  Gateway  
  75  5:31  Zealot  
  75  5:32  Zealot  
  75  5:33  Probe  
  80  5:38  Probe  
  82  5:45  Gateway x2  
  81  5:52  Gateway  
  81  5:53  Templar Archives  
  81  5:55  Warp Prism  
  81  6:00  Gateway x2  
  81  6:01  Probe x2  
  81  6:02  Probe  
  86  6:13  Probe  
  86  6:15  Probe, Pylon  
  88  6:19  Zealot x2  
  88  6:23  Probe  
  88  6:25  Assimilator  
  93  6:27  Assimilator  
  93  6:31  Pylon  
  93  6:32  Pylon  
  93  6:33  Probe x2  
  93  6:35  Pylon  
  93  6:36  Photon Cannon  
  93  6:38  Protoss Ground Weapons Level 2  
  93  6:39  Probe  
  96  6:41  Observer  
  96  6:45  Probe  
  98  6:54  Zealot  
  98  6:56  High Templar x3  
  98  6:57  High Templar, Zealot x5  
  98  7:00  Archon  
  98  7:01  Archon  
  118  7:03  Pylon  
  118  7:05  Probe  
  119  7:08  Immortal  
  119  7:11  Pylon x2  
  123  7:21  Zealot x5  
  125  7:33  Zealot x2  
  125  7:34  Zealot x3  
  117  7:38  Probe  
  117  7:41  Probe  
  113  7:48  Zealot x5  
  115  7:55  Stalker x4  
  121  8:09  Immortal  
  125  8:17  Zealot x3  
  125  8:18  Zealot x3  
  126  8:23  Stalker x4  
  110  8:43  Sentry x3  
  110  8:44  Zealot x3  
  110  8:47  Zealot x2  
  124  8:57  Nexus  
  124  9:05  High Templar x5  
  124  9:06  High Templar x2  
  124  9:07  High Templar  
  124  9:08  Zealot x2  
  144  9:10  Archon x3  
  144  9:11  Archon  
  144  9:13  Pylon  
  144  9:17  Pylon  
  144  9:19  Pylon  
  144  9:21  Pylon  
  142  9:37  Probe  
  143  9:45  Photon Cannon  
  143  9:48  Zealot x10  
  143  9:51  Pylon  
  157  10:10  Zealot x10  
  159  10:18  Probe  
  132  10:32  Zealot x4  
  132  10:33  Zealot x6  
Show
View Real Time Build Order
Export as new Build Order

GOStephano Zerg 

Build Orders: Hatch First 

Get SALT Encoding   

  12  0:00  Drone  
  13  0:12  Overlord  
  13  0:17  Drone  
  14  0:30  Drone  
  15  0:38  Drone  
  16  0:47  Hatchery  
  15  0:51  Drone  
  15  0:54  Drone  
  17  0:58  Drone  
  18  1:09  Extractor  
  17  1:13  Spawning Pool  
  17  1:16  Drone  
  17  1:19  Drone  
  18  1:27  Drone  
  19  1:38  Drone  
  20  1:49  Drone  
  21  2:00  Queen x2  
  21  2:01  Zergling x4  
  27  2:10  Drone  
  27  2:11  Overlord  
  28  2:17  Metabolic Boost  
  28  2:30  Hatchery  
  28  2:32  Drone x2  
  29  2:38  Drone x2  
  31  2:44  Queen  
  31  2:49  Overlord  
  33  2:54  Drone  
  33  2:56  Drone x2  
  36  3:10  Drone x2  
  36  3:11  Drone x2  
  36  3:12  Drone x2  
  42  3:16  Overlord  
  42  3:18  Zergling x2  
  43  3:21  Zergling x2  
  42  3:35  Drone x3  
  42  3:39  Spore Crawler  
  42  3:40  Drone x4  
  47  3:43  Drone  
  47  3:44  Queen  
  50  3:49  Evolution Chamber  
  50  3:52  Zergling x4  
  50  3:54  Spore Crawler  
  50  3:59  Spore Crawler  
  50  4:00  Drone x2  
  50  4:04  Drone  
  51  4:11  Zergling x2  
  51  4:12  Zergling x8  
  51  4:16  Drone x2  
  57  4:21  Zerg Melee Weapons Level 1  
  57  4:23  Drone  
  57  4:24  Overlord  
  57  4:31  Overlord  
  57  4:37  Overlord  
  57  4:38  Lair  
  57  4:46  Drone  
  57  4:47  Drone x5  
  62  4:53  Zergling x6  
  63  5:02  Zergling x12  
  67  5:07  Extractor x2  
  67  5:08  Roach Warren, Drone  
  65  5:15  Overlord  
  65  5:17  Overlord  
  65  5:18  Drone x2  
  65  5:19  Drone x2  
  65  5:20  Drone x2  
  71  5:31  Drone x2  
  73  5:41  Drone x7  
  78  5:46  Drone x2  
  78  5:47  Drone  
  81  5:50  Glial Reconstitution  
  81  5:52  Drone x3  
  81  5:56  Hatchery, Extractor  
  82  5:57  Overseer, Extractor  
  81  6:05  Overlord  
  81  6:13  Drone x4  
  81  6:15  Baneling Nest  
  81  6:16  Extractor  
  81  6:17  Zerg Melee Weapons Level 2  
  81  6:25  Overseer  
  80  6:33  Drone x6  
  80  6:34  Drone x2  
  80  6:35  Overlord  
  80  6:37  Roach x4  
  80  6:38  Roach  
  97  6:43  Drone x3  
  100  6:47  Overlord  
  100  6:57  Roach x4  
  100  6:59  Roach x2  
  112  7:03  Centrifical Hooks  
  112  7:04  Baneling Nest  
  112  7:07  Baneling x13  
  112  7:08  Zergling x2  
  112  7:09  Zergling x10  
  117  7:16  Zergling x4  
  117  7:19  Overlord  
  117  7:21  Baneling  
  117  7:22  Baneling  
  118  7:26  Hatchery  
  118  7:28  Zergling x2  
  118  7:29  Zergling x10  
  113  7:32  Roach  
  107  7:37  Roach x3  
  107  7:42  Roach x4  
  113  7:53  Roach  
  113  7:54  Roach x3  
  113  7:55  Queen  
  113  7:56  Queen  
  118  7:58  Baneling x6  
  118  7:59  Baneling x2  
  118  8:02  Roach x3  
  118  8:09  Roach x2  
  118  8:18  Roach x4  
  116  8:23  Queen  
  116  8:25  Roach x2  
  114  8:31  Queen  
  114  8:33  Roach  
  114  8:34  Roach x3  
  117  8:37  Roach  
  114  8:42  Zergling x2  
  114  8:47  Roach x3  
  117  8:52  Ravager  
  117  8:53  Ravager  
  117  8:54  Ravager  
  120  8:56  Overlord x2  
  118  9:09  Baneling x2, Ravager  
  120  9:10  Ravager x2  
  120  9:13  Overlord  
  120  9:14  Overlord, Queen x2  
  120  9:16  Roach x5  
  136  9:19  Overlord  
  136  9:22  Overlord  
  136  9:23  Overlord  
  131  9:33  Zergling x12  
  137  9:38  Zergling x4  
  137  9:42  Hatchery, Zergling x2  
  137  9:43  Zergling x2  
  140  9:48  Hatchery  
  140  9:49  Zergling x4  
  140  9:52  Baneling x10  
  141  9:56  Zergling x4  
  141  10:01  Baneling x2  
  141  10:04  Zergling x4  
  136  10:13  Roach x5  
  112  10:20  Roach x2  
Tags
 
Add a new tag
Caveats
  • Supply blocks, unpowered buildings, or Contaminate may cause inaccurate times.
  • Supply counts are checked every 10 seconds.